AoeStats
← omnomnomnivore

Nomad

509088006Analyzed
2v2 RM · 6d ago on Sep 25, 2026· 42m 50s· 4 players
Game mode
Random Map
Map size
176×176
Population
200
Speed
Normal
Resources
Standard
Victory
Conquest
Starting age
Dark Age
Ending age
Imperial Age
RankedLock teamsTeams togetherTeam positionsShared explorationLock speedFull tech treeHidden civsTurbo modeCheats
Victory
Defeat
🇨🇦 Vietnamese · Canada
1460
+16
🇨🇦 Chinese · Canada
1452
+17
🇩🇪 Koreans · Germany
1478
-17
🇨🇳 Varangians · China
1455
-16
[FORD]DarkHorse
3:01 Loom
12:25 Feudal Age
16:31 Castle Age
17:27 Medium Warships
22:52 Siphons
23:00 Clinker Construction
24:38 Double-Bit Axe
30:27 Wheelbarrow
30:21 Bow Saw
29:52 Horse Collar
31:13 Heavy Plow
31:21 Fishing Lines
35:27 Imperial Age
33:39 Gillnets
34:19 Town Watch
34:52 Hand Cart
36:06 Ballistics
36:40 Fletching
36:50 Padded Archer Armor
37:52 Chemistry
38:02 Heavy Warships
39:32 Gold Mining
40:09 Bodkin Arrow
41:16 Bracer
41:31 Leather Archer Armor
Neorise
4:49 Loom
12:42 Feudal Age
16:38 Castle Age
15:04 Double-Bit Axe
18:18 Bow Saw
18:40 Fletching
21:42 Wheelbarrow
27:40 Horse Collar
27:49 Town Watch
33:01 Imperial Age
30:43 Heavy Plow
31:31 Padded Archer Armor
31:46 Bodkin Arrow
32:12 Gold Mining
32:12 Stone Mining
32:45 Leather Archer Armor
32:55 Ballistics
33:53 Hand Cart
35:06 Chemistry
34:14 Bracer
34:30 Leather Archer Armor
36:06 Two-Man Saw
35:16 Town Patrol
36:52 Thumb Ring
39:51 Crop Rotation
40:30 Paper Money
40:12 Chatras
40:28 Scale Barding Armor
40:53 Ring Archer Armor
40:33 Forging
40:33 Husbandry
40:44 Bloodlines
42:35 Stone Shaft Mining
42:53 Chain Barding Armor
omnomnomnivore
4:28 Loom
12:30 Feudal Age
13:19 Double-Bit Axe
26:56 Castle Age
25:34 Fletching
27:49 Bow Saw
27:20 Horse Collar
27:57 Bodkin Arrow
30:00 Ballistics
30:37 Gold Mining
30:41 Stone Mining
38:10 Eupseong
39:15 Wheelbarrow
38:25 Town Watch
AOE | Wu
8:59 Loom
13:24 Feudal Age
13:54 Double-Bit Axe
19:01 Castle Age
20:12 Bow Saw
20:21 Fletching
20:31 Stone Mining
24:41 Bodkin Arrow
25:59 Medium Warships
28:18 Gold Mining
29:05 Horse Collar
30:30 Wheelbarrow
30:23 Heavy Plow
31:22 Scale Barding Armor
31:28 Forging
33:29 Bloodlines
33:21 Husbandry
36:44 Imperial Age
34:54 Bloodlines
35:27 Hand Cart
35:35 Bloodlines
36:05 Scale Barding Armor
36:17 Husbandry
37:18 Scale Barding Armor
38:24 Chain Barding Armor
39:01 Forging
40:02 Plate Barding Armor
40:48 Guilds
40:51 Forging
41:16 Plate Barding Armor
41:33 Conscription
Connection lost

Rejoining the realm…

Still unreachable

The connection could not be restored.

Session expired

The server has moved on; the page needs a fresh start.